 Dungeon Crawl Stone Soup version 0.22-a0-367-gb72a975 (webtiles) character file.

81 Firecrotchwizard the Ruffian (level 4, 0/40 HPs)
             Began as a Minotaur Monk on Apr 22, 2018.
             Killed from afar by an orc wizard (7 damage)
             ... with a magic dart
             ... on level 3 of the Dungeon.
             The game lasted 00:02:16 (2053 turns).

Firecrotchwizard the Ruffian (Minotaur Monk)        Turns: 2053, Time: 00:02:17

Health: 0/40       AC:  5    Str: 17    XL:     4   Next: 19%
Magic:  3/3        EV: 12    Int:  7    God:
Gold:   128        SH:  0    Dex: 12    Spells: 3/3 levels left

rFire    . . .     SeeInvis .     - Unarmed
rCold    . . .     Gourm    .   (no shield)
rNeg     . . .     Faith    .   k - +0 ring mail
rPois    .         Spirit   .   (helmet restricted)
rElec    .         Reflect  .   (no cloak)
rCorr    .         Harm     .   (no gloves)
MR       .....                  (no boots)
Stlth    +.........             (no amulet)
HPRegen  0.13/turn              (no ring)
MPRegen  0.08/turn              (no ring)

@: no status effects
A: retaliatory headbutt, horns 2
a: no special abilities


You were on level 3 of the Dungeon.
You were not hungry.

You visited 1 branch of the dungeon, and saw 3 of its levels.

You collected 128 gold pieces.

Inventory:

Armour
 a - a +0 robe
 k - a +0 ring mail (worn)
   (You found it on level 2 of the Dungeon)
Jewellery
 i - an uncursed amulet of rage {unknown}
   (You found it on level 2 of the Dungeon)
Scrolls
 c - 4 scrolls of fog {unknown}
 g - 3 scrolls of teleportation {unknown}
 j - a scroll of enchant armour {unknown}
 l - a scroll of remove curse {unknown}
 m - a scroll of immolation {unknown}
 n - 2 scrolls of identify {unknown}
 p - 2 scrolls of blinking {unknown}
Potions
 e - 2 potions of heal wounds {unknown}
 f - 3 potions of curing {unknown}
 h - a potion of ambrosia {unknown}
 o - a potion of agility {unknown}
Comestibles
 b - 4 rations {@e1}


   Skills:
 + Level 4.2 Fighting
 + Level 1.9 Armour
 + Level 3.8 Dodging
 - Level 1.5 Stealth
 * Level 4.3 Unarmed Combat


You had 3 spell levels left.
You didn't know any spells.

Dungeon Overview and Level Annotations

Branches:
Dungeon (3/15)

Altars:
Fedhas


Innate Abilities, Weirdness & Mutations

You reflexively headbutt those who attack you in melee.
You have a pair of horns on your head.


Message History

The worm closely misses you.
You hit the worm. The goblin closely misses you. You furiously retaliate!
You headbutt the goblin.
You kill the goblin!
The orc barely misses you.
You barely miss the worm. The giant cockroach barely misses you.
The worm bites you. The orc barely misses you.
You take 4 damage, and have 36/40 hp.
You barely miss the worm.
The giant cockroach bites you but does no damage.
The orc completely misses you. You furiously retaliate!
You headbutt the orc! You barely miss the orc.
The giant cockroach closely misses you. The worm barely misses you.
You hit the orc but do no damage.
You kill the orc!
The giant cockroach bites you but does no damage.
The worm bites you!
You take 10 damage, and have 27/40 hp.
MASSIVE DAMAGE!!
You hit the worm.
You headbutt the worm, but do no damage.
The giant cockroach bites you. The giant cockroach barely misses you.
You furiously retaliate!
You headbutt the giant cockroach, but do no damage.
You take 1 damage, and have 26/40 hp.
You are too injured to fight recklessly!
You are too injured to fight recklessly!
You are too injured to fight recklessly!
You are too injured to fight recklessly!
The worm closely misses you.
You hit the giant cockroach.
The giant cockroach bites you but does no damage.
You hit the giant cockroach. The giant cockroach misses you.
You hit the giant cockroach.
You kill the giant cockroach!
You barely miss the worm. You hit the worm but do no damage.
The worm bites you but does no damage.
You hit the worm. You hit the worm. You headbutt the worm. The worm misses you.
You hit the worm. You headbutt the worm. You hit the worm.
You kill the worm!
You start resting.
Eating one of 3 chunks of flesh {@w0}.
You eat one of the 3 chunks of flesh {@w0}.
An orc comes into view.
You regained 3 hp, and now have 30/40 hp.
The orc shouts!
An orc comes into view. It is wielding a club.
An orc comes into view. It is wielding a mace.
The orc shouts!
An orc wizard comes into view. It is wielding a dagger.
Your ring mail prevents you from hitting the orc.
The orc shouts!
You hear a shout!
The orc hits you.
You take 2 damage, and have 28/40 hp.
You hit the orc. The orc hits you but does no damage.
An orc comes into view. It is wielding a club.
You barely miss the orc. The orc hits you.
You take 1 damage, and have 27/40 hp.
You closely miss the orc. The orc hits you.
You take 1 damage, and have 26/40 hp.
You hit the orc.
You kill the orc!
The orc wizard gestures at you while chanting.
The magic dart hits you!
You take 8 damage, and have 18/40 hp.
The orc wizard hits you with a dagger.
Things that are here:
a scale mail; an orc corpse You take 3 damage, and have 15/40 hp.
You closely miss the orc wizard. You hit the orc wizard.
The orc wizard hits you but does no damage.
You hit the orc wizard. Your headbutt misses the orc wizard.
The orc wizard closely misses you.
You hit the orc wizard.
The orc wizard hits you but does no damage.
All of the chunks of flesh in your inventory have rotted away.
You closely miss the orc wizard. The orc wizard hits you with a dagger.
You take 2 damage, and have 13/40 hp.
You barely miss the orc wizard.
You headbutt the orc wizard, but do no damage.
The orc wizard hits you but does no damage.
You barely miss the orc wizard.
The orc wizard hits you but does no damage.
You hit the orc wizard but do no damage.
The orc wizard hits you but does no damage.
You closely miss the orc wizard. The orc wizard casts a spell at you.
The magic dart hits you!
* * * LOW HITPOINT WARNING * * *
You take 7 damage, and have 7/40 hp.
You hit the orc wizard.
You headbutt the orc wizard, but do no damage.
The orc wizard hits you but does no damage.
You closely miss the orc wizard. You headbutt the orc wizard.
The orc wizard casts a spell at you. The magic dart hits you!
You die...

#####.....÷# ..%
###.....##.### #...
#...######.##### ##...
#.### #........# ...
#.#####....###.####.# .
).##.....#####......# ...
#.........#........###....
#)..........######o)...#..
................@oo.......
..........############!...
#.........# ...
#.....<...# .# #.........#
#...§.....# ....≈§≈§..#
.^..^§≈§### ^≈..#≈#≈#


You could see an orc wizard and 2 orcs.

Vanquished Creatures
  2 adders
  3 worms
  3 dart slugs
  2 orcs (D:3)
  3 giant cockroaches
  5 hobgoblins
  2 jackals (D:1)
  12 bats
  3 goblins
  6 kobolds
  6 rats
47 creatures vanquished.

Notes
Turn   | Place    | Note
-------+----------+-------------------------------------------
     0 | D:1      | Firecrotchwizard the Minotaur Monk began the quest for the Orb.
     0 | D:1      | Reached XP level 1. HP: 19/19 MP: 0/0
   196 | D:1      | Reached XP level 2. HP: 26/27 MP: 1/1
   342 | D:1      | Reached skill level 1 in Armour
   820 | D:2      | Reached XP level 3. HP: 33/33 MP: 2/2
   828 | D:2      | Reached skill level 4 in Fighting
   832 | D:2      | Reached skill level 4 in Unarmed Combat
  1030 | D:2      | Found a blossoming altar of Fedhas.
  1823 | D:3      | Reached XP level 4. HP: 29/40 MP: 3/3
  2051 | D:3      | HP: 7/40 [orc wizard/magic dart (7)]
  2053 | D:3      | Killed from afar by an orc wizard

Vault maps used:
D:1:      saegor_arrival_simple_a, grunt_decor_fettered
D:2:      minivault_4, fedhas_altar_2
D:3:      grunt_qazlal_sundering

Skill      XL: |  1  2  3 |
---------------+----------+-----
Armour         | 1 |  1.9
Fighting       | 4 |  4.2
Unarmed Combat | 4 |  4.3
Dodging        | |  3.8
Stealth        | |  1.5

Action                   |  1- 3 |  4- 6 || total
-------------------------+-------+-------++-------
Melee: Unarmed           |   102 |    34 ||   136
       Headbutt          |    13 |     7 ||    20
       Punch             |     4 |       ||     4
 Stab: Sleeping          |     4 |       ||     4
  Eat: Chunk             |     3 |     1 ||     4
Armor: Robe              |    12 |       ||    12
       Ring mail         |    14 |     9 ||    23
Dodge: Dodged            |    61 |    17 ||    78

Table legend:
 A = Spawn XP
 B = Non-spawn XP
 C = Spawn XP percentage of total XP
 D = Spawn monster count
 E = Non-spawn monster count
 F = Spawn count percentage of total count
 G = Total turns spent on level
                    A         B        C        D         E        F      G
               +---------+---------+-------+---------+---------+-------+---------
         Total |       0 |     116 |   0.0 |       0 |      47 |   0.0 |  2053
               +---------+---------+-------+---------+---------+-------+---------
           D:1 |       0 |      39 |   0.0 |       0 |      22 |   0.0 |   772
           D:2 |       0 |      47 |   0.0 |       0 |      18 |   0.0 |  1017
           D:3 |       0 |      30 |   0.0 |       0 |       7 |   0.0 |   264
               +---------+---------+-------+---------+---------+-------+---------

Vault maps used:
D:1:      saegor_arrival_simple_a, grunt_decor_fettered
D:2:      minivault_4, fedhas_altar_2
D:3:      grunt_qazlal_sundering

Table legend:
 A = Turns spent in this place as a percentage of turns spent in the entire game.
 B = Non-inter-level travel turns spent in this place as a percentage of non-inter-level travel turns spent in the entire game.
 C = Inter-level travel turns spent in this place as a percentage of turns spent in this place.
 D = Turns resting spent in this place as a percentage of non-inter-level travel turns spent in this place.
 E = Turns spent auto-exploring this place as a percentage of non-inter-level travel turns spent in this place.
 F = Non-inter-level travel turns spent in this place divided by the number of levels of this place that you've seen.
                   A       B       C       D       E      F
               +-------+-------+-------+-------+-------+----------------------
         Total | 100.0 | 100.0 |   3.0 |  26.5 |  59.1 | 663.7
       Dungeon | 100.0 | 100.0 |   3.0 |  26.5 |  59.1 | 663.7
               +-------+-------+-------+-------+-------+----------------------

Table legend:
 A = Kills in this place as a percentage of kills in entire the game.
 B = Kills by you in this place as a percentage of kills by you in the entire game.
 C = Kills by friends in this place as a percentage of kills by friends in the entire game.
 D = Other kills in this place as a percentage of other kills in the entire game.
 E = Experience gained in this place as a percentage of experience gained in the entire game.
 F = Experience gained in this place divided by the number of levels of this place that you have seen.
                   A       B       C       D       E      F
               +-------+-------+-------+-------+-------+----------------------
         Total | 100.0 | 100.0 |   N/A |   N/A | 100.0 |  38.7
       Dungeon | 100.0 | 100.0 |   N/A |   N/A | 100.0 |  38.7
               +-------+-------+-------+-------+-------+----------------------
